 Dungeon Crawl Stone Soup version 0.24.0-41-g2ae2f7f1be (webtiles) character file.

Game seed: 5177797971246404094, levelgen mode: deterministic

1572 Ponchio the Geomancer (level 8, -9/41 HPs)
             Began as a Gargoyle Earth Elementalist on Dec 15, 2019.
             Mangled by an orc warrior
             ... wielding a +0 mace
              (14 damage)
             ... on level 6 of the Dungeon.
             The game lasted 00:21:01 (5481 turns).

Ponchio the Geomancer (Gargoyle Earth Elementalist) Turns: 5481, Time: 00:21:02

Health: -9/41      AC: 10    Str: 13    XL:     8   Next: 90%
Magic:  10/28      EV: 17    Int: 17    God:
Gold:   345        SH:  0    Dex: 15    Spells: 7/22 levels left

rFire    + . .     SeeInvis .   a - +1 short sword
rCold    + . .     Gourm    .   (no shield)
rNeg     + + .     Faith    .   i - +2 robe {rN+}
rPois    ∞         Spirit   .   (no helmet)
rElec    +         Reflect  .   (no cloak)
rCorr    +         Harm     .   s - +0 pair of gloves
MR       .....                  (no boots)
Stlth    +++.......             (no amulet)
HPRegen  0.13/turn              k - ring of resist corrosion
MPRegen  0.21/turn              l - ring of magical power

@: agile, resistant, hasted, very quick
A: negative energy resistance 1, electricity resistance, unbreathing,
petrification resistance, rot immunity, AC +5
a: no special abilities


You were on level 6 of the Dungeon.
You were not hungry.

You visited 1 branch of the dungeon, and saw 6 of its levels.

You collected 345 gold pieces.

Inventory:

Hand Weapons
 a - a +1 short sword (weapon)
Armour
 i - a +2 robe of positive energy (worn)
 s - a +0 pair of gloves (worn)
Jewellery
 k - a ring of resist corrosion (left hand)
 l - a ring of magical power (right hand)
Scrolls
 q - a scroll of fog {unknown}
 u - a scroll of remove curse
Potions
 f - a potion of agility
 g - a potion of cancellation
 h - 3 potions of brilliance
 j - a potion of flight
 m - a potion of ambrosia
 o - a potion of lignification {unknown}
 p - a potion of magic {unknown}
Comestibles
 d - 3 rations


   Skills:
 - Level 1.5 Dodging
 - Level 2.1 Stealth
 * Level 7.6 Spellcasting
 - Level 0.7 Transmutations
 + Level 9.4 Earth Magic


You had 7 spell levels left.
You knew the following spells:

 Your Spells              Type           Power        Failure   Level  Hunger
a - Sandblast             Erth           #####.       1%          1    None
b - Passwall              Tmut/Erth      ###.....     1%          2    None
c - Stone Arrow           Conj/Erth      ###...       4%          3    #......
d - Petrify               Tmut/Erth      ###.....     13%         4    ###....
e - Lee's Rapid Deconstr  Erth           #####.....   6%          5    #####..

Your spell library contained the following spells:

 Spells                   Type           Power        Failure   Level  Hunger


Dungeon Overview and Level Annotations

Branches:
Dungeon (6/15)
 Temple: D:4-7

Altars:
Ashenzari
Nemelex Xobeh
Sif Muna
Uskayaw
Xom
Yredelemnul
Zin


Innate Abilities, Weirdness & Mutations

You are resistant to torment.
Your stone body is resilient. (AC +5)
You are immune to poison.
You resist negative energy. (rN+)
You are resistant to electric shocks. (rElec)
You can survive without breathing.
You are immune to petrification.
You are immune to rotting.


Message History

You are starving!
An orc wizard comes into view. It is wielding a +0 dagger.
The orc priest mumbles some strange prayers to Beogh against you.
Beogh smites you!
As you read the scroll labeled BIRIYSU SOSIBB, it crumbles to dust.
You feel aware of your surroundings.
You sensed 2 altars.
It was a scroll of magic mapping.
The orc warrior hits you with a +0 mace.
You eat one of the 4 rations.
That ration really hit the spot!
The orc warrior misses you.
The orc priest calls down the wrath of Beogh upon you.
Beogh smites you!
* * * LOW HITPOINT WARNING * * *
You feel yourself speed up.
The orc priest begins to cast a cantrip, but forgets the words!
The orc warrior barely misses you.
You feel protected.
You feel agile all of a sudden.
The orc warrior hits you with a +0 mace!
You die...

************ ###
,,,,,,,,,,<* #.#
************ #.# #.#
**************#.#
**,...........##@#
,#............##o#
.#............##.#
?.............##.#
......#.......##.#
......#.......##o#
..[..........†+.o#
..............##.######*****
.........o..............,,,*


You could see an orc warrior, an orc priest and an orc wizard.

Vanquished Creatures
  Pikel (D:3)
  Edmund (D:4)
  Menkaure (D:5)
  A sky beast (D:2)
  An ogre (D:4)
  A bullfrog (D:6)
  2 scorpions (D:5)
  A howler monkey (D:5)
  A crimson imp (D:4)
  A jelly (D:5)
  A hound (D:6)
  4 orc wizards
  2 orc priests (D:3)
  A centaur skeleton (D:4)
  A worker ant zombie (D:5)
  11 adders
  A shadow imp (D:5)
  A worm (D:2)
  A dart slug (D:2)
  4 leopard geckos
  12 orcs
  A ball python (D:2)
  3 giant cockroaches
  6 goblins
  3 hobgoblins
  6 jackals
  5 quokkas
  4 bats
  4 frilled lizards
  6 kobolds
  A leopard gecko skeleton (D:4)
  A leopard gecko zombie (D:5)
  4 rats
94 creatures vanquished.

Notes
Turn   | Place    | Note
-------+----------+-------------------------------------------
     0 | D:1      | Ponchio the Gargoyle Earth Elementalist began the quest for
                  | the Orb.
     0 | D:1      | Reached XP level 1. HP: 10/10 MP: 3/3
   200 | D:1      | Reached XP level 2. HP: 15/15 MP: 3/5
   298 | D:1      | Reached skill level 4 in Earth Magic
   739 | D:1      | Found a sparkling altar of Nemelex Xobeh.
   847 | D:2      | Reached XP level 3. HP: 19/19 MP: 2/7
  1371 | D:2      | Noticed a sky beast
  1391 | D:1      | Reached XP level 4. HP: 20/24 MP: 2/8
  1729 | D:2      | Learned a level 2 spell: Passwall
  1733 | D:2      | Learned a level 3 spell: Stone Arrow
  1856 | D:2      | Killed a sky beast
  1856 | D:2      | Reached skill level 5 in Earth Magic
  1856 | D:2      | Reached XP level 5. HP: 28/28 MP: 5/10
  2333 | D:3      | Reached skill level 6 in Earth Magic
  2466 | D:3      | Found a glowing silver altar of Zin.
  2471 | D:3      | Found a shattered altar of Ashenzari.
  2485 | D:3      | Found a shimmering blue altar of Sif Muna.
  2488 | D:3      | Found a shimmering altar of Xom.
  2564 | D:3      | Reached XP level 6. HP: 32/32 MP: 9/12
  3113 | D:4      | Noticed a slave
  3114 | D:4      | Noticed a slave
  3114 | D:4      | Noticed a slave
  3326 | D:4      | Reached skill level 7 in Earth Magic
  3326 | D:4      | Reached XP level 7. HP: 36/36 MP: 10/14
  3335 | D:4      | Reached skill level 5 in Spellcasting
  3523 | D:4      | Found a hide-covered altar of Uskayaw.
  3822 | D:4      | Noticed Pikel
  4181 | D:3      | Killed Pikel
  4181 | D:3      | Reached skill level 8 in Earth Magic
  4181 | D:3      | Reached XP level 8. HP: 10/41 MP: 3/17
  4532 | D:4      | Learned a level 4 spell: Petrify
  4538 | D:4      | Learned a level 5 spell: Lee's Rapid Deconstruction
  4539 | D:5      | Entered Level 5 of the Dungeon
  4881 | D:5      | Noticed Menkaure
  4884 | D:5      | Killed Menkaure
  4923 | D:5      | Noticed Edmund
  4989 | D:4      | Killed Edmund
  4989 | D:4      | Reached skill level 9 in Earth Magic
  5336 | D:5      | Found a basalt altar of Yredelemnul.
  5481 | D:6      | Mangled by an orc warrior

Levels and vault maps discovered:
D:1:      zelgadis_glass_arrival_small, layout_basic,
          nemelex_diamond_rough_becter
D:2:      layout_basic, kennysheep_decorative_pillar
D:3:      layout_basic, grunt_temple_overflow_cloverleaf
D:4:      layout_rooms, overflow_temple_1_default, first_ration, minivault_26,
          uniq_pikel
D:5:      layout_basic, kennysheep_little_box, uniq_edmund, uniq_menkaure
D:6:      layout_basic, nicolae_qazlal_eye_of_the_storm, grunt_dithmenos_smoke

Skill      XL: |  1  2  3  4  5  6  7  8 |
---------------+-------------------------+-----
Earth Magic    | 4 5 6 7 8 9 |  9.4
Spellcasting   | 3 4 6 7 |  7.6
Dodging        | |  1.5
Stealth        | |  2.1
Transmutations | |  0.7

Action                   |  1- 3 |  4- 6 |  7- 9 || total
-------------------------+-------+-------+-------++-------
Melee: Short sword       |    51 |     9 |    19 ||    79
 Cast: Sandblast         |    34 |    54 |    77 ||   165
       Passwall          |       |       |     1 ||     1
       Lee's Rapid Decon |       |       |     6 ||     6
  Use: Scroll            |       |     9 |     3 ||    12
       Potion            |       |       |     3 ||     3
 Stab: Sleeping          |       |     3 |     3 ||     6
  Eat: Chunk             |     1 |     7 |     2 ||    10
       Ration            |       |       |     2 ||     2
Armor: Robe              |    37 |     9 |    22 ||    68
Dodge: Dodged            |    45 |    11 |    49 ||   105
